R - U22
SCOTTSDALE SALAMANDERS @ PEORIA PRIDE
06/17/2052
 
TOP OF THE 1ST
Sedona Steers batting - Pitching for Florence Swordfish : RHP Eli Burke
Pitching: RHP Eli Burke
Batting: RHB Dario Pérez 0-0: Ball
1-0: Foul Ball, location: 2F
1-1: Foul Ball, location: 2F
1-2: Ball
2-2: Ball
3-2: Base on Balls
Batting: LHB Beau Clair 0-0: Ball
1-0: Called Strike
1-1: Swinging Strike
1-2: Ball
2-2: Grounds into double play, 4-6-3 (Groundball, 4, EV 100.0 MPH)
Batting: LHB Roberto Casacos 0-0: SINGLE (Groundball, 6M, EV 104.4 MPH)
Batting: RHB Jayson Weimer 0-0: Fly out, F8 (Flyball, 8LS, EV 96.9 MPH)
Top of the 1st over - 0 runs, 1 hit, 0 errors, 1 left on base; Sedona 0 - Florence 0
BOTTOM OF THE 1ST
Florence Swordfish batting - Pitching for Sedona Steers : LHP David Higuera
Pitching: LHP David Higuera
Batting: LHB Hasan Madrigal 0-0: Swinging Strike
0-1: Ground out 4-3 (Groundball, 4, EV 107.5 MPH)
Batting: RHB Oliver Cole 0-0: Foul Ball, location: 2F
0-1: Ball
1-1: Called Strike
1-2: Strikes out swinging
Batting: RHB Orlondo Avina 0-0: Ball
1-0: Ball
2-0: Ball
3-0: Base on Balls
Batting: RHB Victor Roseman 0-0: Ball
1-0: Swinging Strike
1-1: Foul Ball, location: 2F
1-2: Foul Ball, location: 2F
1-2: Strikes out looking
Bottom of the 1st over - 0 runs, 0 hits, 0 errors, 1 left on base; Sedona 0 - Florence 0
TOP OF THE 2ND
Sedona Steers batting - Pitching for Florence Swordfish : RHP Eli Burke
Batting: LHB Xavier Bradford 0-0: Fly out, F8 (Flyball, 8RD, EV 101.9 MPH)
Batting: RHB Jed Kelley 0-0: Ball
1-0: Foul Ball, location: 2F
1-1: Ball
2-1: Ball
3-1: Base on Balls
Batting: RHB Brian Bradley 0-0: Called Strike
0-1: Foul Ball, location: 2F
0-2: Strikes out swinging
Batting: LHB Roansy Pera 0-0: Ground out U3 (Groundball, 3L, EV 85.0 MPH)
Top of the 2nd over - 0 runs, 0 hits, 0 errors, 1 left on base; Sedona 0 - Florence 0
BOTTOM OF THE 2ND
Florence Swordfish batting - Pitching for Sedona Steers : LHP David Higuera
Batting: SHB Nick Drewry 0-0: Reached on error, E4 (Groundball, 4, EV 90.0 MPH)
Batting: RHB Bryan Metcalf 0-0: Swinging Strike
0-1: Called Strike
0-2: Ball
1-2: Foul Ball, location: 2F
1-2: Ball
2-2: Strikes out swinging
Batting: LHB Xaro Gómez 0-0: Ball
1-0: Foul Ball, location: 2F
1-1: Ball
2-1: SINGLE (Line Drive, 89M, EV 107.5 MPH)
Nick Drewry to second
Batting: RHB Paco Nunez 0-0: Ball
1-0: Called Strike
1-1: Called Strike
1-2: Foul Ball, location: 2F
1-2: Ball
2-2: Strikes out swinging
Batting: RHB Augustin Chávez 0-0: Ball
1-0: Ball
2-0: Foul Ball, location: 2F
2-1: Called Strike
2-2: Fly out, F7 (Flyball, 78D, EV 94.4 MPH)
Bottom of the 2nd over - 0 runs, 1 hit, 1 error, 2 left on base; Sedona 0 - Florence 0
TOP OF THE 3RD
Sedona Steers batting - Pitching for Florence Swordfish : RHP Eli Burke
Batting: RHB Derek Puchalski 0-0: Called Strike
0-1: Called Strike
0-2: Ball
1-2: Ball
2-2: Strikes out swinging
Batting: RHB Dario Pérez 0-0: Foul Ball, location: 2F
0-1: Ball
1-1: Foul Ball, location: 2F
1-2: SINGLE (Line Drive, 4M, EV 105.0 MPH)
Batting: LHB Beau Clair 0-0: Foul Ball, location: 2F
0-1: Ball
1-1: Ball
Dario Pérez steals 2nd base
2-1: SINGLE (Flyball, 8RS, EV 83.8 MPH)
Dario Pérez to third
Batting: LHB Roberto Casacos 0-0: Called Strike
0-1: Fielders Choice at 2nd, 4-6 (Groundball, 4, EV 92.5 MPH)
Dario Pérez scores
Batting: RHB Jayson Weimer 0-0: Ball
1-0: Ball
2-0: Ball
3-0: Base on Balls
Roberto Casacos to second
Batting: LHB Xavier Bradford 0-0: Called Strike
0-1: SINGLE (Groundball, 4MD, EV 111.9 MPH)
Roberto Casacos to third
Jayson Weimer to second
Runner from 3rd tries for Home, SAFE, throw by CF to home
Batting: RHB Jed Kelley 0-0: Called Strike
0-1: Foul Ball, location: 2F
0-2: Ball
1-2: Strikes out looking
Top of the 3rd over - 2 runs, 3 hits, 0 errors, 2 left on base; Sedona 2 - Florence 0
BOTTOM OF THE 3RD
Florence Swordfish batting - Pitching for Sedona Steers : LHP David Higuera
Batting: LHB Hasan Madrigal 0-0: Foul Ball, location: 2F
0-1: Called Strike
0-2: Foul Ball, location: 2F
0-2: Foul Ball, location: 2F
0-2: Ground out 3-1 (Groundball, 34, EV 91.2 MPH)
Batting: RHB Oliver Cole 0-0: Called Strike
0-1: Ball
1-1: Foul Ball, location: 2F
1-2: Strikes out swinging
Batting: RHB Orlondo Avina 0-0: Ball
1-0: Ball
2-0: Swinging Strike
2-1: Ball
3-1: Foul Ball, location: 2F
3-2: Ground out 1-3 (Groundball, P, EV 65.6 MPH)
Bottom of the 3rd over - 0 runs, 0 hits, 0 errors, 0 left on base; Sedona 2 - Florence 0
TOP OF THE 4TH
Sedona Steers batting - Pitching for Florence Swordfish : RHP Eli Burke
Batting: RHB Brian Bradley 0-0: Ground out 5-3 (Groundball, 56S, EV 78.1 MPH)
Batting: LHB Roansy Pera 0-0: Ball
1-0: Ball
2-0: Called Strike
2-1: Called Strike
2-2: Ball
3-2: Strikes out swinging, 2-3 out at first.
Batting: RHB Derek Puchalski 0-0: Ball
1-0: SINGLE (Line Drive, 8RS, EV 90.6 MPH)
Batting: RHB Dario Pérez 0-0: Called Strike
0-1: Ball
1-1: Swinging Strike
1-2: Strikes out swinging
Top of the 4th over - 0 runs, 1 hit, 0 errors, 1 left on base; Sedona 2 - Florence 0
BOTTOM OF THE 4TH
Florence Swordfish batting - Pitching for Sedona Steers : LHP David Higuera
Batting: RHB Victor Roseman 0-0: Fly out, F7 (Flyball, 78M, EV 85.0 MPH)
Batting: SHB Nick Drewry 0-0: SINGLE (Groundball, 6MD, EV 101.9 MPH)
Batting: RHB Bryan Metcalf 0-0: Foul Ball, location: 2F
0-1: Ball
1-1: Swinging Strike
1-2: Ball
2-2: Ball
3-2: Fielders Choice at 2nd, 6-4 (Groundball, 6, EV 84.4 MPH)
Batting: LHB Xaro Gómez 0-0: Ball
1-0: Reached on error, E1 (Groundball, 15S, EV 62.5 MPH)
Bryan Metcalf to second
Batting: RHB Paco Nunez 0-0: Swinging Strike
0-1: Foul Ball, location: 2F
0-2: Strikes out swinging
Bottom of the 4th over - 0 runs, 1 hit, 1 error, 2 left on base; Sedona 2 - Florence 0
TOP OF THE 5TH
Sedona Steers batting - Pitching for Florence Swordfish : RHP Eli Burke
Batting: LHB Beau Clair 0-0: Ball
1-0: Ball
2-0: SOLO HOME RUN (Flyball, 9LD, EV 91.9 MPH), Distance : 325 ft
Batting: LHB Roberto Casacos 0-0: Called Strike
0-1: Ball
1-1: Called Strike
1-2: Foul Ball, location: 2F
1-2: Ground out U3 (Groundball, 23, EV 93.8 MPH)
Batting: RHB Jayson Weimer 0-0: Foul Ball, location: 2F
0-1: Ball
1-1: Swinging Strike
1-2: Ball
2-2: Ball
3-2: Strikes out swinging
Batting: LHB Xavier Bradford 0-0: Ball
1-0: Ball
2-0: SINGLE (Groundball, 3D, EV 95.6 MPH)
Batting: RHB Jed Kelley 0-0: Called Strike
0-1: Ball
1-1: Ball
2-1: Foul Ball, location: 2F
2-2: Ground out 5-3 (Groundball, 56S, EV 90.6 MPH)
Top of the 5th over - 1 run, 2 hits, 0 errors, 1 left on base; Sedona 3 - Florence 0
BOTTOM OF THE 5TH
Florence Swordfish batting - Pitching for Sedona Steers : LHP David Higuera
Batting: RHB Augustin Chávez 0-0: Ball
1-0: Ball
2-0: Ball
3-0: Called Strike
3-1: Called Strike
3-2: Base on Balls
Batting: LHB Hasan Madrigal 0-0: Sac Bunt to 23 - play at first, batter safe!
Augustin Chávez to second
Batting: RHB Oliver Cole 0-0: Bunted foul
0-1: Bunted foul
0-2: Foul Ball, location: 2F
0-2: SINGLE (Groundball, 6, EV 95.0 MPH)
Augustin Chávez to third
Hasan Madrigal to second
Runner from 3rd tries for Home, SAFE, throw by CF to home
Batting: RHB Orlondo Avina 0-0: Foul Ball, location: 2F
0-1: Swinging Strike
0-2: Ball
1-2: Foul Ball, location: 2F
1-2: Reached on error, E6 (Groundball, 6, EV 88.8 MPH)
Hasan Madrigal to third
Oliver Cole to second
Batting: RHB Victor Roseman 0-0: Fly out, F7 (Flyball, 7, EV 91.2 MPH)
Runner from 3rd tags up, SCORES, throw by LF
Oliver Cole to third
Batting: SHB Nick Drewry 0-0: Called Strike
0-1: Called Strike
0-2: Ball
1-2: Fielders Choice at 2nd, 5-4 (Groundball, 56, EV 88.1 MPH)
Oliver Cole scores
Batting: RHB Bryan Metcalf 0-0: Ball
1-0: Ball
2-0: Swinging Strike
2-1: Ball
3-1: Fly out, F8 (Flyball, 8RD, EV 88.1 MPH)
Bottom of the 5th over - 3 runs, 2 hits, 1 error, 1 left on base; Sedona 3 - Florence 3
TOP OF THE 6TH
Sedona Steers batting - Pitching for Florence Swordfish : RHP Eli Burke
Batting: RHB Brian Bradley 0-0: Called Strike
0-1: Ball
1-1: Called Strike
1-2: Ground out 5-3 (Groundball, 56S, EV 71.2 MPH)
Batting: LHB Roansy Pera 0-0: Called Strike
0-1: Foul Ball, location: 2F
0-2: Ball
1-2: Foul Ball, location: 2F
1-2: Ground out 4-3 (Groundball, 4, EV 81.9 MPH)
Batting: RHB Derek Puchalski 0-0: Swinging Strike
0-1: Ball
1-1: Foul Ball, location: 2F
1-2: Foul Ball, location: 2F
1-2: Ground out 1-3 (Groundball, 13S, EV 64.4 MPH)
Top of the 6th over - 0 runs, 0 hits, 0 errors, 0 left on base; Sedona 3 - Florence 3
BOTTOM OF THE 6TH
Florence Swordfish batting - Pitching for Sedona Steers : LHP David Higuera
Batting: LHB Xaro Gómez 0-0: Called Strike
0-1: Foul Ball, location: 2F
0-2: Strikes out swinging
Batting: RHB Paco Nunez 0-0: SINGLE (Line Drive, 9S, EV 105.0 MPH)
Batting: RHB Augustin Chávez 0-0: Ball
1-0: Ball
2-0: Called Strike
2-1: Called Strike
2-2: Ball
3-2: Fly out, F9 (Line Drive, 9, EV 105.6 MPH)
Batting: LHB Hasan Madrigal 0-0: Called Strike
0-1: Ball
1-1: Swinging Strike
1-2: Fly out, F4 (Line Drive, 4, EV 76.9 MPH)
Bottom of the 6th over - 0 runs, 1 hit, 0 errors, 1 left on base; Sedona 3 - Florence 3
TOP OF THE 7TH
Sedona Steers batting - Pitching for Florence Swordfish : RHP Eli Burke
Pitching: RHP Vidal Retana
Batting: RHB Dario Pérez 0-0: Ball
1-0: SINGLE (Line Drive, 7, EV 87.5 MPH)
Batting: LHB Beau Clair 0-0: Ball
1-0: DOUBLE (Groundball, 3D, EV 95.0 MPH)
Dario Pérez to third
Runner from 3rd tries for Home, SAFE, throw by RF to home
Batting: LHB Roberto Casacos 0-0: Intentional Walk
Batting: RHB Jayson Weimer 0-0: Ball
1-0: Fly out, F9 (Flyball, 89D, EV 79.4 MPH)
Runner from 2nd tags up, SAFE at 3rd, no throw by RF
Batting: LHB Xavier Bradford 0-0: Foul Ball, location: 2F
0-1: Foul Ball, location: 2F
0-2: Strikes out swinging
Batting: RHB Jed Kelley 0-0: Ball
1-0: Swinging Strike
1-1: Foul Ball, location: 2F
1-2: Strikes out swinging
Top of the 7th over - 1 run, 2 hits, 0 errors, 2 left on base; Sedona 4 - Florence 3
BOTTOM OF THE 7TH
Florence Swordfish batting - Pitching for Sedona Steers : LHP David Higuera
Pitching: RHP Cain Grewell
Batting: RHB Oliver Cole 0-0: Ball
1-0: SINGLE (Groundball, 5S, EV 70.6 MPH) (infield hit)
Batting: RHB Orlondo Avina 0-0: Ball
1-0: Called Strike
1-1: Called Strike
1-2: Foul Ball, location: 2F
1-2: Strikes out looking
Oliver Cole steals 2nd base
Batter strikes out.
Batting: RHB Victor Roseman 0-0: Ball
Oliver Cole steals 3rd base
1-0: Ball
2-0: Called Strike
2-1: Foul Ball, location: 2F
2-2: Fly out, F7 (Flyball, 7LD, EV 95.6 MPH)
Runner from 3rd tags up, SCORES, no throw by LF
Pitching: LHP Owen Del Cid
Batting: SHB Nick Drewry 0-0: Ball
1-0: Swinging Strike
1-1: Ball
2-1: Ball
3-1: Foul Ball, location: 2F
3-2: Foul Ball, location: 2F
3-2: Foul Ball, location: 2F
3-2: Strikes out looking
Bottom of the 7th over - 1 run, 1 hit, 0 errors, 0 left on base; Sedona 4 - Florence 4
TOP OF THE 8TH
Sedona Steers batting - Pitching for Florence Swordfish : RHP Vidal Retana
Batting: RHB Brian Bradley 0-0: Called Strike
0-1: SINGLE (Groundball, 6M, EV 100.0 MPH) (infield hit)
Batting: LHB Roansy Pera 0-0: Called Strike
0-1: SINGLE (Line Drive, 4D, EV 100.0 MPH)
Brian Bradley to second
Runner from 2nd tries for 3rd, SAFE, no throw by RF
Pinch Hitting: LHB Delmar Gamino 0-0: Foul Ball, location: 2F
0-1: Ground out 5-3 (Groundball, 56, EV 86.2 MPH)
Roansy Pera to second
Batting: RHB Dario Pérez 0-0: Called Strike
0-1: Ball
1-1: Called Strike
1-2: Ball
2-2: SINGLE (Line Drive, 4D, EV 100.6 MPH)
Brian Bradley scores
Roansy Pera to third
Batting: LHB Beau Clair 0-0: Foul Ball, location: 2F
0-1: Called Strike
0-2: Ball
1-2: Strikes out swinging
Batting: LHB Roberto Casacos 0-0: Ball
Wild Pitch!
Roansy Pera scores
Dario Pérez to second
1-0: Intentional Walk
Batting: RHB Jayson Weimer 0-0: Called Strike
Dario Pérez steals 3rd base
0-1: SINGLE (Groundball, 6, EV 96.2 MPH)
Dario Pérez scores
Roberto Casacos to second
Pitching: RHP Cameron Abma
Batting: LHB Xavier Bradford 0-0: Ball
1-0: Swinging Strike
1-1: Called Strike
1-2: Ground out U3 (Groundball, 3, EV 83.1 MPH)
Top of the 8th over - 3 runs, 4 hits, 0 errors, 2 left on base; Sedona 7 - Florence 4
BOTTOM OF THE 8TH
Florence Swordfish batting - Pitching for Sedona Steers : LHP Owen Del Cid
Now at 2B: Kennedy Cannizzaro
Now in LF: Riley Frank
Now in CF: Romelio Sierra
Batting: RHB Bryan Metcalf 0-0: Called Strike
0-1: Ball
1-1: Foul Ball, location: 2F
1-2: Ball
2-2: Strikes out swinging
Pinch Hitting: RHB Brandon Brown 0-0: Called Strike
0-1: Called Strike
0-2: Fly out, F7 (Flyball, 78S, EV 83.1 MPH)
Pinch Hitting: RHB Blue France 0-0: Called Strike
0-1: Ball
1-1: Ball
2-1: Foul Ball, location: 2F
2-2: Foul Ball, location: 2F
2-2: Fly out, F9 (Flyball, 89M, EV 87.5 MPH)
Bottom of the 8th over - 0 runs, 0 hits, 0 errors, 0 left on base; Sedona 7 - Florence 4
TOP OF THE 9TH
Sedona Steers batting - Pitching for Florence Swordfish : RHP Cameron Abma
Now at 3B: Brandon Brown
Now in LF: Oliver Cole
Now in RF: Jordan Rothweiler
Batting: RHB Jed Kelley 0-0: Foul Ball, location: 2F
0-1: Ball
1-1: Swinging Strike
1-2: Ball
2-2: DOUBLE (Line Drive, 7LS, EV 101.9 MPH)
Batting: RHB Brian Bradley 0-0: Intentional Walk
Batting: LHB Roansy Pera 0-0: Called Strike
0-1: Ball
1-1: Foul Ball, location: 2F
1-2: Grounds into double play, U5-3 (Groundball, 5L, EV 100.6 MPH)
Brian Bradley to second
Batting: RHB Kennedy Cannizzaro 0-0: Intentional Walk
Batting: RHB Dario Pérez 0-0: Swinging Strike
0-1: Foul Ball, location: 2F
0-2: Strikes out looking
Top of the 9th over - 0 runs, 1 hit, 0 errors, 2 left on base; Sedona 7 - Florence 4
BOTTOM OF THE 9TH
Florence Swordfish batting - Pitching for Sedona Steers : LHP Owen Del Cid
Pitching: LHP Marcel Leger
Batting: RHB Augustin Chávez 0-0: Ball
1-0: Foul Ball, location: 2F
1-1: Called Strike
1-2: Strikes out swinging passed ball, reaches first!
Pinch Hitting: RHB Liam Knapp 0-0: Ball
1-0: Called Strike
1-1: Ball
2-1: Foul Ball, location: 2F
2-2: Strikes out swinging
Batting: RHB Oliver Cole 0-0: Ball
1-0: Ball
2-0: Called Strike
2-1: Foul Ball, location: 2F
2-2: Ball
Passed Ball!
Augustin Chávez to second
3-2: Strikes out looking
Batting: RHB Orlondo Avina 0-0: Ball
Balk!
Augustin Chávez to third
1-0: Ball
2-0: Ball
3-0: Called Strike
3-1: Base on Balls
Batting: RHB Victor Roseman 0-0: Ball
1-0: Ball
2-0: Ball
3-0: Called Strike
3-1: Base on Balls
Orlondo Avina to second
Batting: SHB Nick Drewry 0-0: Ball
1-0: Called Strike
1-1: Swinging Strike
1-2: Ground out 4-3 (Groundball, 4, EV 99.4 MPH)
Bottom of the 9th over - 0 runs, 0 hits, 0 errors, 3 left on base; Sedona 7 - Florence 4
Thursday, April 25th , 2024 - OOTP Baseball 24.11 Build 85